 Dungeon Crawl Stone Soup version 0.28.0-49-g6dfe1f597d (console) character file.

Game seed: 11212944853763292548

2963 Faeu the Cleaver (level 9, -13/124 HPs)
             Began as a Minotaur Berserker on May 12, 2022.
             Was an Elder of Trog.
             Mangled by a boulder beetle (22 damage)
             ... on level 8 of the Dungeon.
             The game lasted 00:21:40 (5818 turns).

Faeu the Cleaver (Minotaur Berserker)               Turns: 5818, Time: 00:21:41

Health: -13/124    AC: 15    Str: 38    XL:     9   Next: 52%
Magic:  8/8        EV: 10    Int:  4    God:    Trog [****..]
Gold:   454        SH:  3    Dex: 10    Spells: 8/8 levels left

rFire   + . .      SeeInvis .   a - +0 hand axe {axe}
rCold   + . .      Faith    .   L - +0 buckler
rNeg    . . .      Spirit   .   l - +0 plate armour
rPois   .          Reflect  .   (helmet restricted)
rElec   .          Harm     .   u - scarf {rC+ rF+}
rCorr   .          Rampage  .   E - +0 pair of gloves {hurl}
Will    .....                   (no boots)
Stlth   ..........              f - amulet of regeneration {@e2}
HPRegen 1.10/turn               B - +6 ring of strength
MPRegen 0.11/turn               J - +6 ring of strength

@: berserking (expiring), very quick
A: horns 2, retaliatory headbutt
a: Renounce Religion, Berserk, Trog's Hand, Brothers in Arms


You were on level 8 of the Dungeon.
You worshipped Trog.
Trog was greatly pleased with you.
You visited 1 branch of the dungeon, and saw 8 of its levels.

You collected 454 gold pieces.


Innate Abilities, Weirdness & Mutations

You have a pair of horns on your head.
You reflexively headbutt those who attack you in melee.


   Skills:
 + Level 9.1 Fighting
 + Level 9.2 Axes
 + Level 8.8 Armour
 - Level 6.2 Dodging


You had 8 spell levels left.
You didn't know any spells.
Your spell library contained the following spells:

 Spells                   Type           Power      Damage    Failure   Level
 Slow                     Hex            0%         N/A       99%         1
 Call Canine Familiar     Summ           0%         N/A       100%        3
 Confusing Touch          Hex            0%         N/A       100%        3
 Frozen Ramparts          Ice            0%         1d2       100%        3
 Ozocubu's Armour         Ice            0%         N/A       100%        3
 Portal Projectile        Hex/Tloc       0%         N/A       100%        3
 Vampiric Draining        Necr           0%         2d6       100%        3
 Ice Form                 Ice/Tmut       0%         N/A       100%        4
 Leda's Liquefaction      Hex/Erth       0%         N/A       100%        4
 Summon Ice Beast         Ice/Summ       0%         N/A       100%        4
 Ozocubu's Refrigeration  Ice            0%         4d5       100%        7
 Borgnjor's Revivificati  Necr           0%         N/A       100%        8
 Necromutation            Tmut/Necr      0%         N/A       100%        8
 Death's Door             Necr           0%         N/A       100%        9

Inventory:

Hand Weapons
 a - a +0 hand axe (weapon) {axe}
 K - a +0 flail of holy wrath {mace}
   (You took it off Edmund on level 6 of the Dungeon)
 Q - a +4 dagger {short}
   (You took it off an orc on level 8 of the Dungeon)
Missiles
 x - 39 poisoned darts (quivered) {throwing}
Armour
 b - a +0 animal skin
 l - a +0 plate armour (worn)
   (You found it on level 1 of the Dungeon)
 u - a scarf of resistance (worn)
   (You found it on level 3 of the Dungeon)
 E - a +0 pair of gloves of hurling (worn)
   (You found it on level 5 of the Dungeon)
 I - a +1 ring mail of willpower
   (You found it on level 6 of the Dungeon)
 L - a +0 buckler (worn)
   (You found it on level 7 of the Dungeon)
Jewellery
 f - an amulet of regeneration (around neck) {@e2}
   (You found it on level 1 of the Dungeon)
 B - a +6 ring of strength (left hand)
   (You found it on level 4 of the Dungeon)
 H - a +4 ring of protection
   (You found it on level 6 of the Dungeon)
 J - a +6 ring of strength (right hand)
   (You found it on level 6 of the Dungeon)
 P - a ring of magical power
   (You took it off a centaur on level 8 of the Dungeon)
Wands
 n - a wand of polymorph (8)
   (You took it off a goblin on level 2 of the Dungeon)
 G - a wand of iceblast (7)
   (You found it on level 6 of the Dungeon)
 M - a wand of acid (5)
   (You found it on level 7 of the Dungeon)
Scrolls
 e - 3 scrolls of enchant armour {unknown}
 g - a scroll of noise {unknown}
 h - 3 scrolls of fog {unknown}
 j - 11 scrolls of identify {unknown}
 k - a scroll of silence {unknown}
 o - a scroll of brand weapon {unknown}
 s - a scroll of vulnerability {unknown}
 t - a scroll of magic mapping {unknown}
 v - 3 scrolls of fear {unknown}
 y - a scroll of summoning {unknown}
 z - 3 scrolls of immolation {unknown}
 A - 2 scrolls of blinking {unknown}
 F - 5 scrolls of enchant weapon {unknown}
 N - a scroll of amnesia {unknown}
 O - a scroll of torment {unknown}
Potions
 c - a potion of might {unknown}
 d - 2 potions of heal wounds {unknown}
 i - 3 potions of attraction {unknown}
 m - a potion of degeneration {unknown}
 p - a potion of haste {unknown}
 q - 2 potions of flight {unknown}
 r - a potion of mutation {unknown}
 w - a potion of invisibility {unknown}
 C - 4 potions of curing {unknown}
 D - 2 potions of berserk rage {unknown}

Dungeon Overview and Level Annotations

Branches:
Dungeon (8/15)             Temple (0/1) D:5
   Lair: D:8-11

Altars:
Dithmenos
Fedhas
Hepliaklqana
Vehumet
The Shining One

Annotations:
D:3 1 runed translucent door, Crazy Yiuf
D:5 1 runed translucent door, KamiKatze's ghost, novice OpCj

.####...###
).##.[....#
.........##
..##..####. ##
..##....#.. .#
........#.### .#
.....##.#.#.## .#
........#..#.## .#
........#.###.# .#
.#......#..#.####B#
.###.#..#.###.#.@.#
.....#..#..#.#.#$##
........#.########
..#.#.....####
.##.##.......#
.##..##......#
..##.##......#
..#.......####
.......#...#
........(#.##
............##


You could see a boulder beetle.


Message History

You add the spells Call Canine Familiar, Portal Projectile and Leda's Liquefaction to your library. 😎 HP[+24]
There is a stone staircase leading up here.
There is a stone staircase leading up here.
A boulder beetle comes into view.
The boulder beetle curls into a ball and begins rolling!
The boulder beetle hits you!!!
The boulder beetle stops rolling and uncurls. 😮 HP[-37]
You take 37 damage, and now have 45/82 hp.
MASSIVE DAMAGE!! (PAUSE)
You hit the boulder beetle but do no damage.
The boulder beetle completely misses you.
You furiously retaliate!
You headbutt the boulder beetle! 😮 HP[+1]
You hit the boulder beetle.
You headbutt the boulder beetle, but do no damage.
The boulder beetle bites you. 😮 HP[-3]
You take 3 damage, and now have 43/82 hp.
You hit the boulder beetle but do no damage.
You headbutt the boulder beetle. The boulder beetle bites you!
* * * LOW HITPOINT WARNING * * *
😨 HP[-9]
You take 9 damage, and now have 34/82 hp.
You hit the boulder beetle but do no damage.
The boulder beetle closely misses you. 😨 HP[+1]
You hit the boulder beetle but do no damage.
You headbutt the boulder beetle, but do no damage. 😨 HP[+1]
You hit the boulder beetle.
The boulder beetle leaps! 😨 HP[+1] 😨 HP[+1] 😨 HP[+1] 😨 HP[+1]
The boulder beetle bites you but does no damage. 😨 HP[+1]
You hit the boulder beetle but do no damage.
You headbutt the boulder beetle.
You block the boulder beetle's attack. 😮 HP[+1]
You hit the boulder beetle but do no damage.
You headbutt the boulder beetle, but do no damage.
The boulder beetle bites you but does no damage. 😮 HP[+1]
You hit the boulder beetle but do no damage.
You hear a shout!
The boulder beetle bites you!!
* * * LOW HITPOINT WARNING * * *
A troll comes into view. 😨 HP[-20]
You take 20 damage, and now have 23/82 hp.
MASSIVE DAMAGE!! (PAUSE)
You hit the boulder beetle but do no damage.
The boulder beetle bites you.
* * * LOW HITPOINT WARNING * * *
😱 HP[-5]
You take 5 damage, and now have 18/82 hp.
A red film seems to cover your vision as you go berserk!
You feel yourself moving faster!
You feel mighty!
The boulder beetle leaps! 😱 HP[+11]
You now have 123 max hp (+41).
You regained 11 hp, and now have 29/123 hp.
You feel a strong urge to attack something.
You slice the troll!! Your headbutt misses the troll.
The troll bites you but does no damage. The troll misses you.
The troll claws you.
* * * LOW HITPOINT WARNING * * *
😱 HP[-1]
You take 1 damage, and now have 28/123 hp.
You barely miss the troll.
Your headbutt misses the troll. 😱 HP[+1]
You hit the troll. The troll bites you but does no damage.
The troll closely misses you. The troll claws you!
* * * LOW HITPOINT WARNING * * *
😱 HP[-7]
You take 7 damage, and now have 22/123 hp.
You hit the troll. 😱 HP[+1]
You barely miss the troll. You block the troll's attack.
The troll barely misses you. The troll claws you!
* * * LOW HITPOINT WARNING * * *
😱 HP[-6]
You take 6 damage, and now have 17/123 hp.
You slash the troll!
You kill the troll!
Trog accepts your kill.
Your Fighting skill increases to level 9! 😱 HP[+1]
You now have 124 max hp (+1).
You hit the boulder beetle but do no damage.
You hit the boulder beetle. The boulder beetle bites you!
* * * LOW HITPOINT WARNING * * *
😱 HP[-10]
You take 10 damage, and now have 8/124 hp.
You slash the boulder beetle! You hit the boulder beetle.
The boulder beetle waves its antennae.
The boulder beetle bites you!!
You die...

Skill      XL: |  1  2  3  4  5  6  7  8  9 |
---------------+----------------------------+-----
Fighting       | 4 5 6 8 9 |  9.1
Axes           | 4 5 6 8 9 |  9.2
Armour         | 3 4 5 6 7 8 |  8.8
Dodging        | 3 4 5 6 |  6.2

Action                   |  1- 3 |  4- 6 |  7- 9 || total
-------------------------+-------+-------+-------++-------
Melee: Hand axe          |    72 |    99 |   280 ||   451
       Headbutt          |    13 |    17 |    64 ||    94
       Punch             |       |     2 |     2 ||     4
Throw: Dart              |       |       |     7 ||     7
Invok: Berserk           |       |       |     2 ||     2
 Stab: Sleeping          |     1 |       |       ||     1
Armor: Animal skin       |     4 |       |       ||     4
       Plate armour      |    28 |    53 |   114 ||   195
Dodge: Dodged            |    41 |    31 |    95 ||   167
Block: Buckler           |       |       |     7 ||     7

Levels and vault maps discovered:
D:1:      saegor_arrival_simple_d, layout_basic
D:2:      layout_rooms, minmay_randomly_rotated_circles
D:3:      layout_loops_ring, nicolae_overflow_hidden_temple,
          grunt_decor_resistance, grunt_ministairs_2, nrook_uturn,
          uniq_crazy_yiuf_cottage, uniq_sigmund
D:4:      minmay_chambers_of_threes, layout_rooms,
          mainiacjoe_overflow_tiny_flanked
D:5:      layout_gridville, minmay_temple_entry_slanted, gammafunk_ghost_grave
D:6:      layout_basic, uniq_edmund
D:7:      layout_loops_ring, kennysheep_dice
D:8:      layout_cave_pools, grunt_decor_cap, minmay_small_thing

Notes
Turn   | Place    | Note
-------+----------+-------------------------------------------
     0 | D:1      | Faeu the Minotaur Berserker began the quest for the Orb.
     0 | D:1      | Reached XP level 1. HP: 19/19 MP: 0/0
     0 | D:1      | magus.rc [v1.9.6]
   152 | D:1      | Reached XP level 2. HP: 27/27 MP: 1/1
   157 | D:1      | You pick up a book of Debilitation {forbidden} and begin
                  | reading...
   157 | D:1      | You add the spells Slow, Vampiric Draining and Confusing
                  | Touch to your library.
   693 | D:1      | Reached skill level 4 in Fighting
   693 | D:1      | Reached skill level 4 in Axes
   693 | D:1      | Reached skill level 3 in Armour
   693 | D:1      | Reached XP level 3. HP: 33/33 MP: 2/2
  1159 | D:2      | Reached ** piety under Trog
  1209 | D:2      | You add the spells Borgnjor's Revivification, Necromutation
                  | and Death's Door to your library.
  1282 | D:2      | Reached skill level 3 in Dodging
  1353 | D:2      | Reached XP level 4. HP: 35/40 MP: 3/3
  1704 | D:3      | Found a radiant altar of Vehumet.
  1704 | D:3      | Found a hazy altar of Hepliaklqana.
  1926 | D:3      | Found a runed translucent door.
  1927 | D:3      | Noticed Crazy Yiuf
  2017 | D:3      | Noticed Sigmund
  2045 | D:3      | Killed Sigmund
  2046 | D:3      | Reached skill level 5 in Fighting
  2046 | D:3      | Reached skill level 5 in Axes
  2046 | D:3      | Reached skill level 4 in Armour
  2046 | D:3      | Reached XP level 5. HP: 34/48 MP: 4/4
  2128 | D:3      | Found a shadowy altar of Dithmenos.
  2131 | D:3      | Found a blossoming altar of Fedhas.
  2207 | D:4      | Reached XP level 6. HP: 56/56 MP: 5/5
  2212 | D:4      | Reached skill level 4 in Dodging
  2257 | D:4      | You pick up a book of Rime {forbidden} and begin reading...
  2257 | D:4      | You add the spells Frozen Ramparts, Ice Form and Summon Ice
                  | Beast to your library.
  2269 | D:4      | Found a glowing golden altar of the Shining One.
  2644 | D:4      | Reached skill level 5 in Armour
  2654 | D:4      | Reached *** piety under Trog
  2655 | D:4      | Reached XP level 7. HP: 61/61 MP: 6/6
  2791 | D:5      | Entered Level 5 of the Dungeon
  3032 | D:5      | Reached skill level 6 in Axes
  3043 | D:5      | Reached skill level 6 in Fighting
  3066 | D:5      | Found a runed translucent door.
  3067 | D:5      | Noticed KamiKatze's ghost (novice OpCj)
  3121 | D:5      | Reached skill level 5 in Dodging
  3266 | D:5      | Found a staircase to the Ecumenical Temple.
  3564 | D:6      | You add the spells Ozocubu's Armour and Ozocubu's
                  | Refrigeration to your library.
  3783 | D:6      | Reached skill level 6 in Armour
  3859 | D:6      | Noticed Edmund
  3881 | D:6      | Killed Edmund
  3882 | D:6      | Reached XP level 8. HP: 71/71 MP: 7/7
  4089 | D:7      | Reached skill level 7 in Axes
  4139 | D:7      | HP: 13/71 [electric eel/bolt of electricity (7)]
  4140 | D:7      | HP: 3/71 [electric eel/bolt of electricity (11)]
  4238 | D:7      | Reached skill level 7 in Fighting
  4627 | D:7      | Reached skill level 6 in Dodging
  5068 | D:8      | Noticed a cyclops
  5075 | D:8      | Killed a cyclops
  5076 | D:8      | Reached skill level 8 in Fighting
  5076 | D:8      | Reached skill level 8 in Axes
  5076 | D:8      | Reached skill level 7 in Armour
  5078 | D:8      | Noticed a hornet
  5094 | D:8      | Paralysed by a hornet for 3 turns
  5101 | D:8      | Paralysed by a hornet for 1 turns
  5102 | D:8      | Killed a hornet
  5103 | D:8      | Reached XP level 9. HP: 73/81 MP: 8/8
  5343 | D:7      | Reached skill level 8 in Armour
  5601 | D:8      | Reached **** piety under Trog
  5714 | D:8      | Reached skill level 9 in Axes
  5744 | D:8      | You pick up a book of the Hunter {forbidden} and begin
                  | reading...
  5744 | D:8      | You add the spells Call Canine Familiar, Portal Projectile
                  | and Leda's Liquefaction to your library.
  5790 | D:8      | Noticed a boulder beetle
  5805 | D:8      | Noticed a troll
  5806 | D:8      | HP: 18/82 [boulder beetle (6)]
  5811 | D:8      | HP: 22/123 [troll (7)]
  5814 | D:8      | Killed a troll
  5815 | D:8      | Reached skill level 9 in Fighting
  5816 | D:8      | HP: 8/124 [boulder beetle (11)]
  5818 | D:8      | Mangled by a boulder beetle

Vanquished Creatures
  A cyclops (D:8)
  A troll (D:8)
  A hornet (D:8)
  Sigmund (D:3)
  3 yaks
  Edmund (D:6)
  2 ice beasts
  A sky beast (D:7)
  A centaur (D:8)
  An ogre (D:4)
  A kobold brigand (D:8)
  A bullfrog (D:7)
  A water moccasin skeleton (D:4)
  A howler monkey (D:5)
  An electric eel (D:7)
  A bullfrog zombie (D:5)
  2 jellies
  5 orc priests
  2 hounds (D:5)
  A centaur skeleton (D:4)
  3 iguanas
  4 orc wizards
  A hound skeleton (D:4)
  A howler monkey zombie (D:6)
  2 howler monkey skeletons
  5 gnolls
  7 adders
  A shadow imp (D:7)
  A white imp (D:6)
  An ufetubus (D:4)
  An adder skeleton (D:4)
  A worm (D:2)
  5 dart slugs
  11 orcs
  10 endoplasms
  3 giant cockroaches
  5 goblins
  2 hobgoblins (D:3)
  4 jackals (D:4)
  5 quokkas
  5 ball pythons
  5 bats
  2 frilled lizards
  A jackal skeleton (D:4)
  10 kobolds
  6 rats
131 creatures vanquished.

Vanquished Creatures (others)
  2 withered plants (D:5)
2 creatures vanquished.

Grand Total: 133 creatures vanquished

Table legend:
 A = Non-vault XP
 B = Vault XP
 C = Vault XP percentage of total XP
 D = Non-vault monster count
 E = Vault monster count
 F = Vault count percentage of total count
                 A         B        C        D         E       F
            +---------+---------+-------+---------+---------+-------
      Total |    3392 |     841 |  19.9 |     107 |      24 |  18.3
            +---------+---------+-------+---------+---------+-------
        D:1 |      52 |       0 |   0.0 |      21 |       0 |   0.0
        D:2 |      51 |      11 |  17.7 |      14 |       6 |  30.0
        D:3 |      19 |     245 |  92.8 |       4 |       3 |  42.9
        D:4 |     297 |     113 |  27.6 |      21 |      12 |  36.4
        D:5 |     313 |       0 |   0.0 |      15 |       0 |   0.0
        D:6 |     279 |     157 |  36.0 |       7 |       1 |  12.5
        D:7 |     822 |      14 |   1.7 |      11 |       1 |   8.3
        D:8 |    1559 |     301 |  16.2 |      14 |       1 |   6.7
            +---------+---------+-------+---------+---------+-------

Illustrated notes

Table legend:
 A = Kills in this place as a percentage of kills in entire the game.
 B = Kills by you in this place as a percentage of kills by you in the entire game.
 C = Kills by friends in this place as a percentage of kills by friends in the entire game.
 D = Other kills in this place as a percentage of other kills in the entire game.
 E = Experience gained in this place as a percentage of experience gained in the entire game.
 F = Experience gained in this place divided by the number of levels of this place that you have seen.
                   A       B       C       D       E      F
               +-------+-------+-------+-------+-------+----------------------
         Total | 100.0 | 100.0 |   N/A |   N/A | 100.0 | 529.1
       Dungeon | 100.0 | 100.0 |   N/A |   N/A | 100.0 | 529.1
               +-------+-------+-------+-------+-------+----------------------

Table legend: (Time is in decaauts)
 A = Elapsed time spent in this place.
 B = Non-inter-level travel time spent in this place.
 C = Inter-level travel time spent in this place.
 D = Time resting spent in this place.
 E = Time spent auto-exploring this place.
 F = Levels seen in this place.
 G = Mean time per level.
                   A        B        C        D        E       F      G
               +--------+--------+--------+--------+--------+-----+--------+
         Total |   5829 |   5675 |    154 |    379 |   3317 |   8 |  728.6 |
       Dungeon |   5829 |   5675 |    154 |    379 |   3317 |   8 |  728.6 |
               +--------+--------+--------+--------+--------+-----+--------+

Top non-repeatable levels by time:
     D:7: 1274 daAuts
     D:1: 1134 daAuts
     D:4: 621 daAuts
     D:5: 604 daAuts
     D:6: 602 daAuts
     D:3: 587 daAuts
     D:8: 549 daAuts
     D:2: 455 daAuts
